Map: Moonlight Madness LE (Void)

Players

ilovecolorin

  • Race: Zerg Zerg
  • League: Platinum

ViViD (Pokebunny)

  • Race: Zerg Zerg
  • League: Grandmaster

Jellyfish

  • Race: Zerg Zerg
  • League: Gold

Ultraviolet

  • Race: Zerg Zerg
  • League: Grandmaster

VOD

Have the link to the VOD?

Description

Time

  • Played on: Oct. 10, 2015, 2:34 p.m.
  • Length: 9:35
Show
View Real Time Build Order
Export as new Build Order

ilovecolorin Zerg 

Build Orders: Hatch First 

Get SALT Encoding   

  12  0:01  Drone  
  13  0:12  Overlord  
  13  0:17  Drone  
  14  0:31  Drone x2  
  14  0:34  Drone  
  17  0:53  Hatchery  
  17  0:55  Drone  
  17  1:08  Spawning Pool  
  17  1:10  Drone  
  17  1:13  Extractor  
  17  1:15  Drone  
  17  1:18  Drone  
  18  1:29  Drone  
  19  1:40  Overlord  
  19  1:52  Drone  
  20  1:55  Queen  
  20  2:00  Zergling x2  
  23  2:05  Queen  
  23  2:06  Zergling x2  
  26  2:15  Metabolic Boost  
  26  2:17  Drone x2  
  28  2:23  Drone  
  29  2:30  Drone  
  29  2:35  Overlord  
  30  2:39  Drone  
  30  2:44  Baneling Nest, Drone  
  31  2:54  Drone  
  31  2:55  Drone  
  33  3:01  Drone  
  33  3:05  Drone x3  
  37  3:07  Drone, Extractor  
  37  3:10  Drone  
  38  3:20  Overlord  
  38  3:25  Drone x4  
  42  3:29  Evolution Chamber  
  42  3:30  Evolution Chamber  
  40  3:39  Drone x5  
  45  3:43  Extractor  
  44  3:50  Overlord  
  44  3:52  Drone x4  
  48  3:58  Lair  
  48  4:00  Extractor  
  45  4:05  Zerg Ground Armor Level 1  
  45  4:10  Zerg Melee Weapons Level 1  
  46  4:17  Drone  
  46  4:19  Drone  
  46  4:20  Drone  
  46  4:21  Drone  
  49  4:28  Hatchery, Zergling x4  
  49  4:29  Zergling x4  
  52  4:31  Zergling x2  
  52  4:32  Zergling x2  
  54  4:45  Overlord  
  54  4:46  Overlord  
  54  4:47  Drone x2  
  54  4:48  Drone  
  54  4:49  Extractor  
  54  4:51  Zergling x4  
  58  4:53  Zergling x2, Extractor  
  58  4:56  Zergling x2  
  58  4:58  Zergling x2  
  60  5:06  Spire  
  59  5:19  Zergling x12  
  65  5:23  Drone x3  
  65  5:24  Drone  
  65  5:28  Drone  
  68  5:33  Drone  
  67  5:39  Overlord  
  67  5:42  Queen  
  69  5:43  Overlord x2  
  69  5:50  Zergling x2  
  69  5:51  Zergling x4  
  69  5:52  Zergling x8  
  76  6:00  Zergling x4  
  78  6:05  Zergling x4  
  80  6:20  Mutalisk x5  
  80  6:21  Mutalisk  
  91  6:28  Zerg Flyer Weapons Level 1  
  91  6:29  Mutalisk  
  91  6:30  Mutalisk  
  92  6:34  Mutalisk  
  92  6:36  Mutalisk  
  96  6:40  Mutalisk  
  96  6:43  Mutalisk  
  98  6:47  Mutalisk  
  98  6:50  Mutalisk  
  98  6:54  Mutalisk  
  99  6:57  Mutalisk  
  95  7:06  Mutalisk x2  
  95  7:08  Mutalisk  
  98  7:11  Mutalisk, Overlord  
  98  7:15  Zergling x4  
  103  7:17  Zergling x2  
  103  7:24  Zergling x6  
  105  7:32  Overlord  
  105  7:33  Overlord x2  
  104  7:45  Overlord  
  104  7:47  Baneling x2  
  104  7:52  Mutalisk x3, Baneling  
  104  7:53  Mutalisk  
  104  7:55  Mutalisk  
  114  8:01  Mutalisk  
  114  8:02  Drone  
  114  8:03  Drone x2  
  119  8:05  Drone  
  119  8:11  Mutalisk  
  112  8:13  Mutalisk  
  112  8:18  Mutalisk  
  112  8:24  Mutalisk x2  
  116  8:27  Mutalisk  
  116  8:33  Mutalisk  
  120  8:35  Zergling x6  
  120  8:39  Mutalisk  
  124  8:42  Zergling x6  
  123  8:49  Mutalisk  
  123  8:52  Zergling x8  
  123  8:54  Mutalisk  
  130  9:00  Overlord  
  130  9:01  Mutalisk  
  130  9:16  Zergling x10  
Show
View Real Time Build Order
Export as new Build Order

ViViD Zerg 

Build Orders: Hatch First 

Get SALT Encoding   

  12  0:01  Drone  
  13  0:08  Drone  
  14  0:17  Drone, Extractor  
  15  0:40  Hatchery  
  14  0:46  Drone, Extractor  
  15  0:57  Spawning Pool  
  15  1:04  Drone, Extractor  
  14  1:07  Extractor  
  14  1:08  Drone  
  16  1:13  Overlord  
  16  1:29  Extractor  
  15  1:32  Drone  
  15  1:33  Drone  
  17  1:44  Queen  
  17  1:45  Zergling x2  
  20  1:52  Drone, Queen  
  20  1:54  Zergling x2  
  24  1:59  Drone  
  25  2:09  Overlord  
  25  2:22  Queen  
  27  2:31  Drone x4  
  31  2:45  Overlord  
  31  2:46  Overlord  
  31  2:53  Metabolic Boost  
  31  3:02  Drone x5  
  34  3:22  Extractor  
  34  3:27  Drone x9  
  42  3:40  Lair  
  42  3:43  Extractor  
  42  3:45  Extractor  
  40  3:49  Spine Crawler  
  40  3:50  Drone x2  
  40  3:55  Zergling x10  
  46  3:57  Zergling x2  
  45  4:12  Drone x4  
  49  4:17  Drone x2  
  51  4:31  Drone  
  52  4:33  Overlord x3  
  52  4:40  Spire  
  49  5:01  Zergling x2  
  49  5:02  Zergling x10  
  55  5:08  Drone x2  
  56  5:22  Hatchery  
  49  5:51  Mutalisk  
  49  5:52  Mutalisk x10  
  71  6:09  Zergling x2  
  71  6:11  Zergling x6  
  75  6:13  Overlord x3  
  75  6:33  Zergling x10  
  80  6:41  Zergling x2  
  80  6:42  Zergling x10  
  80  6:44  Zerg Flyer Armor Level 1  
  85  6:53  Zergling x4  
  77  7:03  Zergling x2  
  77  7:04  Zergling x2  
  77  7:06  Queen  
  76  7:23  Mutalisk x5  
  76  7:24  Mutalisk  
  88  7:32  Drone x2  
  88  7:33  Drone x3  
  93  7:48  Drone x3, Extractor  
  95  7:59  Overlord  
  95  8:00  Overlord x2  
  95  8:10  Mutalisk  
  95  8:11  Mutalisk  
  95  8:12  Mutalisk  
  89  8:20  Mutalisk  
  89  8:21  Mutalisk x4  
  99  8:27  Extractor  
  100  8:36  Zergling x14  
  107  8:46  Mutalisk  
  97  9:05  Mutalisk  
  98  9:13  Hatchery  
Show
View Real Time Build Order
Export as new Build Order

Jellyfish Zerg 

Build Orders:  

Get SALT Encoding   

Show
View Real Time Build Order
Export as new Build Order

Ultraviolet Zerg 

Build Orders:  

Get SALT Encoding   

Tags
 
Add a new tag
Caveats
  • Supply blocks, unpowered buildings, or Contaminate may cause inaccurate times.
  • Supply counts are checked every 10 seconds.